 Dungeon Crawl Stone Soup version 0.21.0 (webtiles) character file.

265 rgaf the Chopper (level 5, 0/45 HPs)
             Began as a Centaur Fighter on Jan 7, 2018.
             Killed from afar by Natasha (5 damage)
             ... with a magic dart
             ... on level 3 of the Dungeon.
             The game lasted 00:03:29 (3536 turns).

rgaf the Chopper (Centaur Fighter)                  Turns: 3536, Time: 00:03:30

Health: 0/45       AC:  7    Str: 19    XL:     5   Next: 99%
Magic:  5/5        EV:  8    Int:  7    God:
Gold:   82         SH:  8    Dex:  9    Spells: 4/4 levels left

rFire    . . .     SeeInvis .   a - +0 war axe
rCold    . . .     Gourm    .   c - +0 shield
rNeg     . . .     Faith    .   b - +0 scale mail
rPois    .         Spirit   .   (no helmet)
rElec    .         Reflect  .   l - +0 cloak
rCorr    .         Harm     .   (no gloves)
MR       .....                  (no barding)
Stlth    ..........             (no amulet)
HPRegen  0.15/turn              e - +3 ring of evasion
MPRegen  0.09/turn              (no ring)

@: slowed
A: large, hooves 3, deformed body, speed 2, tough skin 3
a: no special abilities


You were on level 3 of the Dungeon.
You were not hungry.

You visited 1 branch of the dungeon, and saw 4 of its levels.

You collected 82 gold pieces.

Inventory:

Hand Weapons
 a - a +0 war axe (weapon)
Missiles
 h - 105 arrows
Armour
 b - a +0 scale mail (worn)
 c - a +0 shield (worn)
 g - a +0 plate armour
 l - a +0 cloak (worn)
Jewellery
 e - a +3 ring of evasion (left hand)
Scrolls
 j - 3 scrolls of identify {unknown}
 o - a scroll of remove curse {unknown}
 p - a scroll of teleportation {unknown}
 q - a scroll of fear {unknown}
Potions
 d - a potion of might
 k - 2 potions of heal wounds {unknown}
 m - a potion of lignification {unknown}
Books
 n - a book of Misfortune

   Spells                             Type                      Level
   a - Confusing Touch                Hexes                        1
   b - Confuse                        Hexes                        3
   c - Gell's Gravitas                Translocation                3
   d - Petrify                        Transmutation/Earth          4
   e - Metabolic Englaciation         Hexes/Ice                    5
   f - Yara's Violent Unravelling     Hexes/Transmutation          5
Comestibles
 f - 7 rations
 i - 4 chunks of flesh


   Skills:
 - Level 3.0 Fighting
 + Level 5.8 Axes
 - Level 2.1 Armour
 - Level 2.1 Shields


You had 4 spell levels left.
You didn't know any spells.

Dungeon Overview and Level Annotations

Branches:
Dungeon (4/15)
 Temple: D:4-7

Altars:
Yredelemnul
The Shining One

Annotations:
D:3 Natasha


Innate Abilities, Weirdness & Mutations

You have hooves in place of feet.
Armour fits poorly on your strangely shaped body.
You cover ground very quickly.
You have extremely tough skin. (AC +3)


Message History

There is a stone staircase leading down here.
You start resting.
Natasha, Servant of Life and Death comes into view.
Natasha hisses angrily.
Natasha howls an incantation.
Natasha shimmers violently.
Natasha casts a spell at you.
You feel yourself slow down.
Natasha growls.
Natasha drinks a potion.
Natasha seems to speed up.
Natasha wildly gestures.
Natasha's front paws start to glow.
Natasha casts a spell at you. The magic dart hits you!
* * * LOW HITPOINT WARNING * * *
Natasha casts a spell.
The crimson imp blinks!
Natasha casts a spell at you. The magic dart hits you!
You die...

########....(....)....(..........
......##........####.............
#####............................
# ####......................... #
##########..........##.... #
#......##............# ##
#......#.......#####.. .#
#..............# ### .#
#....@.#.......### .#
#......##........# .#
########......###...###.#### .#
##.....##......# ##### #....#
.###.......#......# ####.##
.##...>>..........# #...
.##.......ยง....5..# ####
.##......h.)####.### #
.##.........# #...## #


You could see Natasha and a crimson imp.

Vanquished Creatures
  A bullfrog zombie (D:3)
  2 orc priests (D:4)
  Natasha (twice) (D:3)
  2 adders (D:2)
  A shadow imp (D:2)
  2 oozes
  2 worms (D:3)
  2 dart slugs
  3 leopard geckos
  6 orcs
  5 giant cockroaches
  2 gnoll zombies (D:2)
  11 goblins
  5 hobgoblins
  5 jackals (D:2)
  2 quokkas (D:3)
  4 ball pythons
  2 bats
  2 frilled lizards
  12 kobolds
  3 rats
76 creatures vanquished.

Notes
Turn   | Place    | Note
-------+----------+-------------------------------------------
     0 | D:1      | rgaf the Centaur Fighter began the quest for the Orb.
     0 | D:1      | Reached XP level 1. HP: 19/19 MP: 1/1
   105 | D:1      | Reached skill level 2 in Axes
   190 | D:1      | Reached XP level 2. HP: 24/26 MP: 2/2
   707 | D:1      | Reached skill level 3 in Axes
  1571 | D:2      | Reached XP level 3. HP: 31/31 MP: 3/3
  1773 | D:2      | Found a glowing golden altar of the Shining One.
  1992 | D:2      | Found a basalt altar of Yredelemnul.
  2498 | D:2      | Reached XP level 4. HP: 38/38 MP: 4/4
  2500 | D:2      | Reached skill level 4 in Axes
  3021 | D:3      | Noticed Natasha
  3027 | D:3      | Killed Natasha
  3027 | D:3      | Reached XP level 5. HP: 37/45 MP: 5/5
  3078 | D:3      | Noticed Natasha
  3088 | D:3      | Killed Natasha
  3088 | D:3      | Reached skill level 5 in Axes
  3449 | D:4      | Noticed an ogre
  3528 | D:3      | Noticed Natasha
  3536 | D:3      | Killed from afar by Natasha

Skill      XL: |  1  2  3  4  5 |
---------------+----------------+-----
Axes           | 2 3 4 5 |  5.8
Fighting       | |  3.0
Armour         | |  2.1
Shields        | |  2.1

Action                   |  1- 3 |  4- 6 || total
-------------------------+-------+-------++-------
Melee: War axe           |   106 |    81 ||   187
       Kick              |    14 |    15 ||    29
  Use: Potion            |     2 |       ||     2
  Eat: Chunk             |     3 |     4 ||     7
Armor: Scale mail        |    60 |    41 ||   101
Dodge: Dodged            |    57 |    42 ||    99
Block: Shield            |    58 |    43 ||   101
